 Seeded DCSS version 0.29.1-15-g9cfb28693d (webtiles) character file.

Game seed: 5852750519012672489 (custom seed)

29163 Twinkles the Spear-Bearer (level 13, -34/74 HPs)
             Began as a Vine Stalker Brigand on June 6, 2023.
             Was the Champion of Jiyva.
             Annihilated by a boulder beetle (108 damage)
             ... on level 5 of the Lair of Beasts.
             The game lasted 00:33:55 (13000 turns).

Twinkles the Spear-Bearer (Vine Stalker Brigand)   Turns: 13000, Time: 00:33:55

Health: -34/74     AC: 20    Str: 17    XL:     13   Next: 43%
Magic:  0/14       EV:  2    Int: 15    God:    Jiyva [******]
Gold:   544        SH:  0    Dex: 23    Spells: 11/12 levels left

rFire   + . .      SeeInvis .   a - +9 halberd of Pionon {venom, rF+ Int+4 Dex+5}
rCold   + . .      Faith    +   (shield currently unavailable)
rNeg    . . .      Spirit   +   D - +0 swamp dragon scales
rPois   +          Reflect  .   (helmet restricted)
rElec   .          Harm     .   T - +0 cloak
rCorr   +          Rampage  .   (no gloves)
Will    +....                   (no boots)
Stlth   ++++......              O - amulet of faith
HPRegen 2.62/turn               (no ring)
MPRegen 0.64/turn               (no ring)

@: sleeping, studying Polearms
A: fangs 3, regeneration 1, magic shield, antimagic bite, no potion heal 2,
horns 1, iridescent scales 3, cold resistance 1, gelatinous body 3, translucent
skin 3, MP-powered wands
a: Renounce Religion, Oozemancy, Slimify


You were on level 5 of the Lair of Beasts.
You worshipped Jiyva.
Jiyva was exalted by your worship.
You visited 2 branches of the dungeon, and saw 16 of its levels.
You also visited: Sewer.

You collected 544 gold pieces.

Inventory:

Hand Weapons
 a - the +9 halberd of Pionon (weapon) {venom, rF+ Int+4 Dex+5}
   (You took it off an orc priest on level 6 of the Dungeon)

   It poisons the flesh of those it strikes.
   Int:       It affects your intelligence (+4).
   Dex:       It affects your dexterity (+5).
   rF:        It protects you from fire.
 b - a +0 dagger of speed
 K - a +3 scimitar
Missiles
 d - 42 poisoned darts (quivered)
 x - 3 curare-tipped darts
 z - 2 boomerangs of dispersal
 G - a silver boomerang
 I - 6 boomerangs
 L - 5 javelins
Armour
 c - a +0 cloak
 f - a +0 leather armour
 r - a +0 chain mail
 v - a +0 robe
 D - +0 swamp dragon scales (worn)
 F - a +1 leather armour of cold resistance
 H - a +3 scale mail
 Q - a +0 pair of gloves
 T - a +0 cloak (worn)
Jewellery
 O - an amulet of faith (around neck)
Wands
 t - a wand of quicksilver (12)
 y - a wand of flame (35)
 E - a wand of roots (14)
 J - a wand of charming (3)
 Z - a wand of digging (3)
Scrolls
 g - 7 scrolls of identify {unknown}
 h - 3 scrolls of poison {unknown}
 i - 2 scrolls of magic mapping {unknown}
 j - 3 scrolls of noise {unknown}
 k - a scroll of vulnerability {unknown}
 o - 4 scrolls of fog {unknown}
 s - 3 scrolls of silence {unknown}
 u - 2 scrolls of immolation
 A - a scroll of brand weapon {unknown}
 N - 2 scrolls of blinking {unknown}
 U - a scroll of amnesia {unknown}
 V - a scroll of teleportation {unknown}
 W - 3 scrolls of enchant weapon {unknown}
 X - 2 scrolls of summoning {unknown}
 Y - a scroll of fear {unknown}
Potions
 e - a potion of berserk rage
 l - 4 potions of brilliance {unknown}
 m - 4 potions of might {unknown}
 n - 6 potions of heal wounds {unknown}
 p - 14 potions of curing {unknown}
 q - a potion of cancellation {unknown}
 w - 4 potions of haste {unknown}
 B - 2 potions of magic {unknown}
 C - a potion of attraction {unknown}
 M - a potion of flight {unknown}
 P - 2 potions of ambrosia {unknown}
 R - a potion of degeneration {unknown}
 S - a potion of lignification {unknown}


   Skills:
 + Level 11.7 Fighting
 - Level 8.2 Short Blades
 + Level 11.8 Polearms
 - Level 1.7 Throwing
 + Level 10.4 Armour
 - Level 2.0 Dodging
 - Level 4.8 Stealth
 + Level 6.4 Translocations


You had 11 spell levels left.
You knew the following spells:

 Your Spells              Type           Power      Damage    Failure   Level
a - Apportation           Tloc           38%        N/A       3%          1

Your spell library contained the following spells:

 Spells                   Type           Power      Damage    Failure   Level
 Necrotise                Necr           0%         1d4       41%         1
 Summon Small Mammal      Summ           0%         N/A       41%         1
 Ensorcelled Hibernation  Hex/Ice        0%         N/A       54%         2
 Ignite Poison            Fire/Tmut/Pois 0%         N/A       78%         3
 Mephitic Cloud           Conj/Pois/Air  0%         N/A       78%         3
 Ozocubu's Armour         Ice            0%         N/A       78%         3
 Spider Form              Tmut/Pois      0%         N/A       78%         3
 Stone Arrow              Conj/Erth      0%         3d7       78%         3
 Anguish                  Hex/Necr       0%         N/A       99%         4
 Animate Armour           Summ/Erth      0%         N/A       99%         4
 Freezing Cloud           Conj/Ice/Air   0%         6-21      100%        5
 Ozocubu's Refrigeration  Ice            0%         4d7       100%        7
 Lehudib's Crystal Spear  Conj/Erth      0%         10d2      100%        8


Dungeon Overview and Level Annotations

Branches:
Dungeon (11/15)            Temple (0/1) D:7            Lair (5/5) D:11
 Shoals (0/4) Lair:3        Snake (0/4) Lair:3        Slime (0/5) Lair:4
  Sewer (visited)
    Orc: D:9-12

Altars:
Ashenzari
Cheibriados
Elyvilon
Fedhas
Kikubaaqudgha
Uskayaw
Xom
Jiyva

Shops:
D:6 (   D:10 =

Portals:
Trove: D:11 (give 13 scrolls of teleportation)

Annotations:
D:7 1 runed translucent door, Crazy Yiuf
D:8 1 runed translucent door, exclusion: door
D:9 3 runed translucent doors, croobank's ghost, novice DsFE
Lair:2 1 runed translucent door, thug444's ghost, journeyman TrMo
Lair:3 2 transporters, Loveship's ghost, journeyman NaFi
Lair:4 exclusion: oklob plant


Innate Abilities, Weirdness & Mutations

You have razor-sharp teeth.
Your natural rate of healing is unusually fast.
When hurt, damage is shared between your health and your magic reserves.
Your bite disrupts and absorbs the magic of your enemies.
Potions cannot restore your health.
You have a pair of small horns on your head.
You are completely covered in iridescent scales. (AC +6)
Your flesh is cold resistant. (rC+)
Your gelatinous body deflects attacks. (AC +3, EV +3)
Your transparent skin significantly reduces your foes' accuracy. (Stealth+)
You expend magic power (3 MP) to strengthen your wands.


Message History

No target in view!
Magic restored.
HP restored.
d - 42 poisoned darts (gained 4) Unknown command.
Found a viscous altar of Jiyva.
Found a staircase to the Slime Pits.
You see here a +0 falchion.
You swap places.
You hear a slurping noise.
The jelly splits in two!
There is a shaft here.
There is a staircase to the Slime Pits here.
Jiyva gurgles merrily.
You enter the shallow water.
Moving in this stuff is going to be slow.
The jelly hits the plant.
The plant begins to die.
The plant is splashed with acid.
A nearby plant withers and dies.
A nearby plant withers and dies.
The jelly hits something.
A nearby plant withers and dies.
Partly explored, can't reach some places.
Partly explored, can't reach some places.
You hear a distant slurping noise.
There is a shaft here.
There is a stone staircase leading down here.
You climb downwards.
The water moccasin hisses angrily.
You hear a bleat! x2
A dream sheep comes into view. x2
Found a murky red potion.
There is a stone staircase leading up here.
A dream sheep comes into view. x2
The boulder beetle leaps!
The dream sheep are wreathed in dream dust.
You feel drowsy...
You fall asleep.
The boulder beetle curls into a ball and begins rolling!
A yak comes into view.
The boulder beetle hits you!!!!
Ouch! That really hurt!
You die...

#...h#D..........##
#...S....♣...#....#
##..$#.........#..
...#.####......#..
......###..#..♣..##
......#............#
...... ............#
...♣..♣.<.♣.+
.......@....#
.......B....#
#..###.°♣..## ##
S....#.# .YY..##!..
.♣...## ^.. Y.....#
... Y..Y..##


You could see a boulder beetle (rolling), a yak (wandering), a water moccasin
and 4 dream sheep.

Vanquished Creatures
  2 hydras (Lair:4)
  A two-headed ogre (D:9)
  A deep elf pyromancer (D:7)
  4 black mambas
  10 elephants
  A guardian serpent (Lair:3)
  7 cane toads
  Maggie (D:7)
  5 rime drakes
  3 kobold demonologists
  3 unseen horrors
  9 komodo dragons
  A troll (D:11)
  2 polar bears (Lair:2)
  Grinder (D:6)
  7 dream sheep (Lair:4)
  7 blink frogs
  4 wyverns
  2 vampires
  25 yaks
  2 basilisks
  A human (shapeshifter) (D:10)
  3 vampire mosquitoes (D:11)
  3 steam dragons
  7 water moccasins
  2 black bears
  An ice beast (D:7)
  An orc warrior (D:8)
  Pargi (Sewer)
  3 centaurs
  2 ogres
  14 wolves
  A phantom (D:6)
  3 kobold brigands
  6 bullfrogs
  4 gnoll sergeants
  A necrophage (D:6)
  8 wights
  8 killer bees
  7 howler monkeys
  2 electric eels (Lair:1)
  6 hounds
  5 orc priests
  2 gnoll boudas
  Ijyb (D:3)
  Terence (D:3)
  Natasha (D:3)
  An iguana (D:6)
  4 orc wizards
  Robin (D:3)
  19 gnolls
  8 adders
  A river rat (D:4)
  A shadow imp (D:5)
  2 ufetubi
  4 worms
  2 dart slugs
  31 orcs
  6 ball pythons
  9 bats
  2 bat zombies (D:3)
  8 endoplasms
  3 giant cockroaches
  13 goblins
  5 hobgoblins
  17 kobolds
  2 quokkas
  2 frilled lizards (D:2)
  8 rats
  4 rat zombies (D:3)
345 creatures vanquished.

Vanquished Creatures (collateral kills)
  A cyclops (D:11)
  An ogre (D:5)
2 creatures vanquished.

Vanquished Creatures (others)
  A merfolk siren (Lair:3)
  A rime drake (Lair:3)
  2 slime creatures
  A troll (D:9)
  A basilisk (Lair:2)
  A golden eye (shapeshifter) (D:8)
  A bullfrog (D:8)
  2 killer bees
  An electric eel (D:7)
  32 jellies
  A hound (D:7)
  A gnoll bouda (D:8)
  Natasha (twice) (D:3)
  8 gnolls
  3 endoplasms
  5 orcs
  A bat (D:3)
  A frilled lizard (D:3)
  22 fungi
  156 plants
243 creatures vanquished.

Grand Total: 590 creatures vanquished

Notes
Turn   | Place    | Note
-------+----------+-------------------------------------------
     0 | D:1      | Twinkles the Vine Stalker Brigand began the quest for the
                  | Orb.
     0 | D:1      | Reached XP level 1. HP: 11/11 MP: 2/2
   543 | D:1      | Reached skill level 1 in Dodging
   614 | D:1      | Reached XP level 2. HP: 15/15 MP: 3/3
  1395 | D:2      | Reached XP level 3. HP: 18/18 MP: 4/4
  1892 | D:2      | Gained mutation: Your natural rate of healing is unusually
                  | fast. [Vine Stalker growth]
  1892 | D:2      | Reached XP level 4. HP: 23/23 MP: 5/5
  2032 | D:2      | Found a faded altar of an unknown god.
  2045 | D:2      | Prayed at the altar of an unknown god.
  2045 | D:2      | Became a worshipper of Jiyva Jesti the Shapeless
  2045 | D:2      | Reached * piety under Jiyva
  2382 | D:3      | Noticed Terence
  2414 | D:3      | Killed Terence
  2464 | D:3      | Reached ** piety under Jiyva
  2481 | D:3      | Noticed Robin
  2529 | D:3      | Reached XP level 5. HP: 28/28 MP: 4/6
  2664 | D:3      | Killed Natasha
  2696 | D:3      | Noticed Ijyb
  2704 | D:3      | Killed Ijyb
  2706 | D:3      | Noticed Natasha
  2727 | D:3      | Killed Natasha
  2728 | D:3      | Reached skill level 1 in Armour
  2841 | D:3      | Killed Natasha
  2948 | D:3      | Killed Robin
  3187 | D:3      | Found an ancient bone altar of Kikubaaqudgha.
  3377 | D:4      | Reached *** piety under Jiyva
  3387 | D:4      | Reached XP level 6. HP: 32/32 MP: 7/7
  3408 | D:4      | Gained mutation: Your flesh is cold resistant. (rC+)
                  | [Jiyva's grace]
  3408 | D:4      | Gained mutation: Your flesh is very cold resistant. (rC++)
                  | [Jiyva's grace]
  3408 | D:4      | Gained mutation: Your flesh is almost immune to the effects
                  | of cold. (rC+++) [Jiyva's grace]
  3408 | D:4      | Gained mutation: You have a small jelly attached to you
                  | that may absorb projectiles. [Jiyva's grace]
  3409 | D:4      | You fall into a shaft and drop 3 floors!
  3439 | D:6      | Noticed a shadow
  3563 | D:6      | Noticed a steam dragon
  3578 | D:6      | Killed a steam dragon
  3579 | D:6      | Reached XP level 7. HP: 37/37 MP: 8/8
  3585 | D:6      | Noticed Grinder
  3617 | D:6      | Killed Grinder
  3648 | D:6      | Found Ziny's Antique Weapon Shop.
  3706 | D:6      | Reached **** piety under Jiyva
  3753 | D:5      | Entered Level 5 of the Dungeon
  4037 | D:4      | Found a glowing drain.
  4041 | Sewer    | Entered a sewer
  4071 | Sewer    | Noticed Pargi
  4082 | Sewer    | Killed Pargi
  4083 | Sewer    | Reached skill level 5 in Short Blades
  4083 | Sewer    | Gained mutation: You have razor-sharp teeth. [Vine Stalker
                  | growth]
  4083 | Sewer    | Reached XP level 8. HP: 39/42 MP: 9/9
  4183 | D:4      | Reached skill level 5 in Fighting
  4347 | D:4      | Lost mutation: Your flesh is almost immune to the effects
                  | of cold. (rC+++) [Jiyva's grace]
  4347 | D:4      | Lost mutation: Your flesh is very cold resistant. (rC++)
                  | [Jiyva's grace]
  4347 | D:4      | Lost mutation: You have a small jelly attached to you that
                  | may absorb projectiles. [Jiyva's grace]
  4347 | D:4      | Gained mutation: Your body has grown eyes which may confuse
                  | attackers. (Acc +3) [Jiyva's grace]
  4347 | D:4      | Gained mutation: Your body has grown many eyes which may
                  | confuse attackers. (Acc +5) [Jiyva's grace]
  4347 | D:4      | Gained mutation: Your body is covered in eyes which may
                  | confuse attackers. (Acc +7, SInv) [Jiyva's grace]
  4347 | D:4      | Gained mutation: You expend magic power (3 MP) to
                  | strengthen your wands. [Jiyva's grace]
  4533 | D:5      | Reached ***** piety under Jiyva
  5043 | D:6      | Identified the +9 halberd of Pionon {venom, rF+ Int+4
                  | Dex+5}
  5583 | D:7      | Killed a slime creature
  5610 | D:7      | Reached XP level 9. HP: 22/48 MP: 10/10
  5641 | D:7      | Found a staircase to the Ecumenical Temple.
  5725 | D:7      | Found a runed translucent door.
  5726 | D:7      | Noticed Crazy Yiuf
  5769 | D:7      | Noticed Maggie
  5792 | D:7      | Killed Maggie
  5793 | D:7      | Reached skill level 5 in Armour
  5927 | D:7      | Noticed a deep elf pyromancer
  5937 | D:7      | Noticed an unseen horror
  6102 | D:7      | Killed an unseen horror
  6143 | D:7      | Noticed a komodo dragon
  6144 | D:7      | Noticed an unseen horror
  6173 | D:7      | Killed an unseen horror
  6178 | D:7      | Killed a komodo dragon
  6179 | D:7      | Reached XP level 10. HP: 55/55 MP: 9/11
  6305 | D:7      | Noticed a two-headed ogre
  6324 | D:7      | Killed a deep elf pyromancer
  6509 | D:8      | Lost mutation: Your body is covered in eyes which may
                  | confuse attackers. (Acc +7, SInv) [Jiyva's grace]
  6509 | D:8      | Lost mutation: Your body has grown many eyes which may
                  | confuse attackers. (Acc +5) [Jiyva's grace]
  6509 | D:8      | Gained mutation: You are partially covered in iridescent
                  | scales. (AC +2) [Jiyva's grace]
  6509 | D:8      | Gained mutation: You are mostly covered in iridescent
                  | scales. (AC +4) [Jiyva's grace]
  6509 | D:8      | Gained mutation: You are completely covered in iridescent
                  | scales. (AC +6) [Jiyva's grace]
  6509 | D:8      | Gained mutation: Your movements are slightly less
                  | encumbered by armour. (ER -2) [Jiyva's grace]
  7113 | D:8      | Noticed an ogre mage
  7113 | D:8      | Noticed a deep elf pyromancer
  7113 | D:8      | Noticed a tengu warrior
  7114 | D:8      | Found a runed translucent door.
  7116 | D:8      | Identified the +12 scimitar of Nesuebusm {vorpal, rF+++}
  7116 | D:8      | Noticed a centaur warrior
  7116 | D:8      | Noticed a centaur warrior
  7116 | D:8      | Identified the ring of the Madman {rF++ rN+ MP-9 Int+6}
  7116 | D:8      | Noticed a rakshasa
  7116 | D:8      | Noticed an orc knight
  7567 | D:9      | Reached skill level 1 in Polearms
  7673 | D:9      | Noticed a two-headed ogre
  7694 | D:9      | Killed a two-headed ogre
  7813 | D:9      | Found a runed translucent gate.
  7814 | D:9      | Found a runed translucent gate.
  7816 | D:9      | Found a runed translucent gate.
  7818 | D:9      | Noticed croobank's ghost (novice DsFE)
  7998 | D:9      | Found a shimmering altar of Xom.
  8000 | D:9      | Found a shimmering altar of Xom.
  8000 | D:9      | Found a shimmering altar of Xom.
  8001 | D:9      | Found a shimmering altar of Xom.
  8001 | D:9      | Found a shimmering altar of Xom.
  8002 | D:9      | Found a shimmering altar of Xom.
  8229 | D:10     | Entered Level 10 of the Dungeon
  8241 | D:10     | Found Vezul's Jewellery Shop.
  8280 | D:10     | Found a white marble altar of Elyvilon.
  8283 | D:10     | Found a broken altar of Ashenzari.
  8284 | D:10     | Found a snail-covered altar of Cheibriados.
  8286 | D:10     | Found a hide-covered altar of Uskayaw.
  8302 | D:10     | Lost mutation: You are completely covered in iridescent
                  | scales. (AC +6) [Jiyva's grace]
  8302 | D:10     | Lost mutation: Your body has grown eyes which may confuse
                  | attackers. (Acc +3) [Jiyva's grace]
  8302 | D:10     | Gained mutation: Your body has grown eyes which may confuse
                  | attackers. (Acc +3) [Jiyva's grace]
  8302 | D:10     | Gained mutation: Your body has grown many eyes which may
                  | confuse attackers. (Acc +5) [Jiyva's grace]
  8302 | D:10     | Gained mutation: Your body is covered in eyes which may
                  | confuse attackers. (Acc +7, SInv) [Jiyva's grace]
  8302 | D:10     | Gained mutation: You possess an exceptional clarity of
                  | mind. [Jiyva's grace]
  8310 | D:10     | Noticed an unseen horror
  8316 | D:10     | Killed an unseen horror
  8317 | D:10     | Reached XP level 11. HP: 60/60 MP: 12/12
  8393 | D:10     | Noticed a tengu warrior
  8457 | D:10     | Reached skill level 5 in Polearms
  8897 | D:11     | Found a portal to a secret trove of treasure.
  8919 | D:11     | Reached ****** piety under Jiyva
  9054 | D:11     | Found a staircase to the Lair.
  9088 | D:11     | Noticed a cyclops
  9093 | D:11     | Killed a cyclops
  9166 | D:11     | Noticed a sun demon
  9293 | D:11     | Lost mutation: Your body is covered in eyes which may
                  | confuse attackers. (Acc +7, SInv) [Jiyva's grace]
  9293 | D:11     | Lost mutation: Your movements are slightly less encumbered
                  | by armour. (ER -2) [Jiyva's grace]
  9293 | D:11     | Gained mutation: You are completely covered in iridescent
                  | scales. (AC +6) [Jiyva's grace]
  9293 | D:11     | Gained mutation: You have sharp fingernails. [Jiyva's
                  | grace]
  9293 | D:11     | Gained mutation: You have very sharp fingernails. [Jiyva's
                  | grace]
  9293 | D:11     | Gained mutation: You have claws for hands. [Jiyva's grace]
  9317 | D:11     | Found a hide-covered altar of Uskayaw.
  9328 | D:11     | Noticed a +0 dagger
  9328 | D:11     | Noticed a +0 hand axe
  9633 | Lair:1   | Entered Level 1 of the Lair of Beasts
 10098 | Lair:1   | Reached skill level 10 in Fighting
 10393 | Lair:2   | Found a runed translucent door.
 10396 | Lair:2   | Noticed thug444's ghost (journeyman TrMo)
 10482 | Lair:2   | Learned a level 1 spell: Apportation
 10526 | Lair:2   | Reached skill level 1 in Translocations
 10532 | Lair:2   | Reached XP level 12. HP: 67/67 MP: 13/13
 11110 | Lair:3   | Lost mutation: You have claws for hands. [Jiyva's grace]
 11110 | Lair:3   | Lost mutation: You have very sharp fingernails. [Jiyva's
                  | grace]
 11110 | Lair:3   | Lost mutation: You possess an exceptional clarity of mind.
                  | [Jiyva's grace]
 11110 | Lair:3   | Lost mutation: Your body has grown many eyes which may
                  | confuse attackers. (Acc +5) [Jiyva's grace]
 11110 | Lair:3   | Lost mutation: Your body has grown eyes which may confuse
                  | attackers. (Acc +3) [Jiyva's grace]
 11110 | Lair:3   | Gained mutation: Your translucent skin slightly reduces
                  | your foes' accuracy. (Stealth+) [Jiyva's grace]
 11110 | Lair:3   | Gained mutation: Your translucent skin reduces your foes'
                  | accuracy. (Stealth+) [Jiyva's grace]
 11110 | Lair:3   | Gained mutation: Your transparent skin significantly
                  | reduces your foes' accuracy. (Stealth+) [Jiyva's grace]
 11110 | Lair:3   | Gained mutation: Your flesh is very cold resistant. (rC++)
                  | [Jiyva's grace]
 11158 | Lair:3   | Reached skill level 5 in Translocations
 11174 | Lair:3   | Reached skill level 10 in Polearms
 11353 | Lair:3   | Found a staircase to the Snake Pit.
 11363 | Lair:3   | Reached XP level 13. HP: 74/74 MP: 14/14
 11379 | Lair:3   | Reached skill level 10 in Armour
 11414 | Lair:3   | Found a transporter.
 11573 | Lair:3   | Found a transporter.
 11592 | Lair:3   | Noticed Loveship's ghost (journeyman NaFi)
 11607 | Lair:3   | Found the +1 robe of Vines {NoPotionHeal Regen++++}
 11773 | Lair:3   | Found a staircase to the Shoals.
 12353 | Lair:4   | Lost mutation: You have sharp fingernails. [Jiyva's grace]
 12353 | Lair:4   | Lost mutation: Your flesh is very cold resistant. (rC++)
                  | [Jiyva's grace]
 12353 | Lair:4   | Gained mutation: Your rubbery body absorbs attacks. (AC +1,
                  | EV +1) [Jiyva's grace]
 12353 | Lair:4   | Gained mutation: Your pliable body absorbs attacks. (AC +2,
                  | EV +2) [Jiyva's grace]
 12353 | Lair:4   | Gained mutation: Your gelatinous body deflects attacks. (AC
                  | +3, EV +3) [Jiyva's grace]
 12353 | Lair:4   | Gained mutation: You have a pair of small horns on your
                  | head. [Jiyva's grace]
 12478 | Lair:4   | Found a blossoming altar of Fedhas.
 12588 | Lair:4   | You fall into a shaft and drop 1 floor!
 12588 | Lair:5   | Entered Level 5 of the Lair of Beasts
 12688 | Lair:4   | Found a staircase to the Slime Pits.
 12688 | Lair:4   | Found a viscous altar of Jiyva.
 13000 | Lair:5   | Annihilated by a boulder beetle

Illustrated notes

Levels and vault maps discovered:
D:1:      dpeg_arrival_rooms_a, layout_basic, serial_forest,
          infiniplex_forest_end_double, infiniplex_forest_end_2,
          infiniplex_forest_lined_2, infiniplex_forest_straight_4,
          infiniplex_forest_lined_room_2, infiniplex_forest_clump_small,
          infiniplex_forest_straight_5, infiniplex_forest_straight_5
D:2:      layout_loops_ring, chequers_ecumenical_altar_island,
          kennysheep_generic_room_6
D:3:      layout_basic, lemuel_zombie_altar_kikubaaqudgha, uniq_robin,
          uniq_terence, uniq_natasha, uniq_ijyb
D:4:      layout_cave_pools, gup_sewer_entry_spiral
D:5:      layout_gridville
D:6:      layout_basic, serial_shops, nicolae_shop_stone,
          minmay_manual_mandibuliform, uniq_grinder
D:7:      nzn_winding_woodlands_stair_cross
          [nzn_winding_woodlands_5x15_lazy_stream,
          nzn_winding_woodlands_center_diamonds,
          nzn_winding_woodlands_5x15_river_crossing,
          nzn_winding_woodlands_5x5_open_star,
          nzn_winding_woodlands_5x5_default,
          nzn_winding_woodlands_5x15_longhouse,
          nzn_winding_woodlands_center_triple_pond,
          nzn_winding_woodlands_5x15_zeroes], layout_basic, temple_statues,
          minivault_11, uniq_crazy_yiuf_cottage, uniq_maggie
D:8:      minmay_gate_of_8, layout_basic, nicolae_grassy_gnolls
D:9:      layout_basic, xom_shifter_show, gammafunk_ghost_split,
          kennysheep_generic_room_7
D:10:     layout_roguey, grunt_temple_overflow_open, serial_shops, shop,
          minmay_fractal_squares_gapless_7
D:11:     layout_basic, david_lair_generic, enter_trove_0,
          dancing_weapons_uskayaw
Lair:1:   layout_chaotic_city, serial_bayou_shore_a,
          infiniplex_staircase_pool_2, serial_bayou_shore_b
Lair:2:   layout_loops_ring, serial_forest, infiniplex_forest_lined_1,
          infiniplex_forest_end_1, infiniplex_forest_clump_diagonal,
          infiniplex_forest_clump_large, ebering_ghost_inner_flame
Lair:3:   layout_big_grid, minmay_shoals_entry_lonely_mermaid,
          minmay_snake_entry_spellcaster, gammafunk_ghost_berserking_beasts
Lair:4:   layout_hall_layers, slime_entry_1, serial_forest,
          infiniplex_forest_clump_curved, infiniplex_forest_clump_small,
          infiniplex_forest_clump_medium, infiniplex_forest_end_2,
          infiniplex_forest_clump_tiny, infiniplex_forest_corner_1,
          infiniplex_forest_lined_room_2, infiniplex_forest_clump_tiny,
          infiniplex_forest_lined_3, tgw_fedhas
Lair:5:   due_jungle_book, layout_concentric_octagons, serial_bayou_shore_b,
          grunt_megastairs_3

Skill      XL: |  1  2  3  4  5  6  7  8  9 10 11 12 13 |
---------------+----------------------------------------+-----
Dodging        | 1 2 |  2.0
Short Blades   | 2 3 4 5 6 7 8 |  8.2
Fighting       | 2 3 4 6 7 8 10 11 | 11.7
Armour         | 1 2 3 4 6 7 8 9 10 | 10.4
Polearms       | 4 8 10 11 | 11.8
Translocations | 1 5 6 |  6.4
Throwing       | |  1.7
Stealth        | |  4.8

Action                   |  1- 3 |  4- 6 |  7- 9 | 10-12 | 13-15 || total
-------------------------+-------+-------+-------+-------+-------++-------
Melee: Dagger            |    79 |   215 |   311 |   190 |    23 ||   818
       Bite              |    17 |    60 |   119 |   190 |    59 ||   445
       Punch             |     2 |     1 |     9 |     9 |     2 ||    23
       Halberd           |       |       |       |   373 |   104 ||   477
       Headbutt          |       |       |       |       |    19 ||    19
Throw: Dart              |       |     6 |    14 |       |       ||    20
 Cast: Apportation       |       |       |       |     1 |     2 ||     3
Invok: Oozemancy         |       |       |     4 |     1 |       ||     5
       Slimify           |       |       |     1 |       |       ||     1
Evoke: Wand              |       |       |       |     1 |       ||     1
 Stab: Sleeping          |     9 |     2 |       |    10 |     4 ||    25
       Confused          |       |       |    10 |    14 |       ||    24
       Distracted        |       |       |       |     1 |       ||     1
Armor: Leather armour    |    19 |     8 |       |       |       ||    27
       Chain mail        |       |    63 |    94 |       |       ||   157
       Swamp dragon scal |       |       |    30 |   300 |    59 ||   389
Dodge: Dodged            |    32 |    75 |   120 |   323 |   118 ||   668
